 Dungeon Crawl Stone Soup version 0.23-a0-445-g768d57b (webtiles) character file.

19301 Dfrag the Arsonist (level 12, -10/88 HPs)
             Began as a Naga Fire Elementalist on Nov 18, 2018.
             Was a High Priest of Makhleb.
             Mangled by a skeletal warrior
             ... wielding a +0 battleaxe
             ... led by a skeletal warrior
              (27 damage)
             ... on level 12 of the Dungeon.
             The game lasted 00:36:10 (11591 turns).

Dfrag the Arsonist (Naga Fire Elementalist)        Turns: 11591, Time: 00:36:11

Health: -10/88     AC: 24    Str: 11    XL:     12   Next: 67%
Magic:  25/26      EV:  8    Int: 24    God:    Makhleb [*****.]
Gold:   1079       SH:  0    Dex: 14    Spells: 19/32 levels left

rFire    + . .     SeeInvis +   P - +5 flail (curse)
rCold    + . .     Gourm    .   i - +3 warlock's mirror {reflect}
rNeg     . . .     Faith    .   L - +1 robe {rC+ rF+}
rPois    +         Spirit   .   y - +2 helmet
rElec    .         Reflect  +   o - +0 cloak
rCorr    .         Harm     .   v - +0 pair of gloves
MR       +....                  f - +0 naga barding
Stlth    +.........             (no amulet)
HPRegen  0.24/turn              n - +3 ring of protection
MPRegen  0.20/turn              D - +6 ring of protection

@: confused, lethally poisoned (-10 -> -10), very slow
A: large, stinger 1, see invisible, agile 1, clever 2, deformed body, poison
resistance, slowness 2, slow metabolism 1, spit poison 1, AC +4
a: Spit Poison, Minor Destruction, Lesser Servant of Makhleb, Major Destruction,
Greater Servant of Makhleb, Renounce Religion


You were on level 12 of the Dungeon.
You worshipped Makhleb.
Makhleb was extremely pleased with you.
You were not hungry.

You visited 3 branches of the dungeon, and saw 14 of its levels.
You also visited: Bailey.

You collected 1079 gold pieces.

Inventory:

Hand Weapons
 g - the cursed +1 halberd "Ottegg" {chop, rPois rF+}
   (You took it off an orc warrior in a bailey)

   It inflicts extra damage upon your enemies.
   It protects you from fire.
   It protects you from poison.
   It has a curse placed upon it.
 q - a +2 war axe of freezing
 P - a cursed +5 flail (weapon)
Armour
 f - a +0 naga barding (worn)
 i - the +3 warlock's mirror (worn) {reflect}
   (You found it on level 10 of the Dungeon)
 o - a +0 cloak (worn)
 p - the +3 buckler of Jaunt {Int+3, unknown}
   (You found it on level 12 of the Dungeon)

   It affects your intelligence (+3).
 v - a +0 pair of gloves (worn)
 y - a +2 helmet (worn)
 L - a +1 robe of resistance (worn)
Jewellery
 h - an uncursed ring of protection from magic
 l - an uncursed ring of positive energy
 n - a +3 ring of protection (left hand)
 x - an uncursed amulet of faith
 B - a +6 ring of intelligence
 D - a +6 ring of protection (right hand)
 N - a cursed amulet of inaccuracy {unknown}
Wands
 r - a wand of iceblast (8)
Scrolls
 a - 2 scrolls of magic mapping {unknown}
 e - 5 scrolls of enchant weapon
 t - a scroll of teleportation
 u - 8 scrolls of remove curse
 w - 2 scrolls of enchant armour
 z - 5 scrolls of immolation
 A - 2 scrolls of random uselessness
 C - a scroll of fog
 G - 4 scrolls of amnesia
 K - a scroll of holy word {unknown}
Potions
 d - a potion of cancellation {unknown}
 j - 7 potions of curing
 k - 2 potions of agility
 m - a potion of might {unknown}
 F - 2 potions of brilliance
 H - a potion of flight {unknown}
 I - a potion of ambrosia
 J - 3 potions of heal wounds {unknown}
 M - a potion of berserk rage {unknown}
Comestibles
 b - 6 chunks of flesh
 c - 16 rations


   Skills:
 - Level 1.5 Dodging
 + Level 5.5 Stealth
 - Level 3.1 Shields
 + Level 10.8 Spellcasting
 + Level 11.5 Conjurations
 + Level 11.8 Fire Magic


You had 19 spell levels left.
You knew the following spells:

 Your Spells              Type           Power        Failure   Level  Hunger
a - Flame Tongue          Conj/Fire      #####        1%          1    None
b - Conjure Flame         Conj/Fire      ######..     1%          3    None
c - Sticky Flame          Conj/Fire      ######..     1%          4    None
d - Fireball              Conj/Fire      ######....   1%          5    ####...

Your spell library contained the following spells:

 Spells                   Type           Power        Failure   Level  Hunger
 Throw Flame              Conj/Fire      ######       1%          2    None
 Dazzling Spray           Conj/Hex       #####.       1%          3    None
 Inner Flame              Hex/Fire       #####...     1%          3    None
 Corona                   Hex            ##.....      4%          1    None
 Summon Butterflies       Summ           ##......     4%          1    None
 Summon Small Mammal      Summ           ##..         4%          1    None
 Call Imp                 Summ           ##......     8%          2    None
 Ensorcelled Hibernation  Hex/Ice        ##....       8%          2    None
 Call Canine Familiar     Summ           ##......     14%         3    None
 Confuse                  Hex            ##......     14%         3    None
 Summon Guardian Golem    Hex/Summ       ##......     14%         3    None
 Tukima's Dance           Hex            ##......     14%         3    None
 Summon Ice Beast         Ice/Summ       ##......     43%         4    None
 Summon Lightning Spire   Summ/Air       ##......     43%         4    None
 Summon Mana Viper        Hex/Summ       ##......     80%         5    ####...
 Summon Hydra             Summ           ##........   100%        7    #######


Dungeon Overview and Level Annotations

Branches:
Dungeon (12/15)            Temple (1/1) D:7            Lair (0/6) D:9
    Orc (1/2) D:12

Altars:
Ashenzari
Cheibriados
Elyvilon
Fedhas
Kikubaaqudgha
Makhleb
Okawaru
Qazlal
Ru
Sif Muna
Vehumet
Wu Jian
Xom
Yredelemnul
Zin
The Shining One
Beogh

Shops:
D:4 (   D:6 (   D:7 }   D:8 *   D:9 :

Annotations:
D:3 1 runed door, Angani's ghost, amateur DrAr
D:5 1 runed door, EazyBreezy's ghost, novice DsAK
D:6 1 runed door, Elysium's ghost, novice MfSk
D:7 Harold; Joseph
D:11 3 runed doors, LizzardofHazz's ghost, novice MiFi


Innate Abilities, Weirdness & Mutations

You cannot wear boots.
Your serpentine skin is tough. (AC +4)
You have supernaturally acute eyesight. (SInv)
Armour fits poorly on your strangely shaped body.
Your system is resistant to poisons. (rPois)
You cover ground very slowly.
You have a slow metabolism.
You can spit poison.
Your tail ends in a poisonous barb.
You are agile. (Dex +2)
Your mind is very acute. (Int +4)


Message History

Unknown command.
Okay, then.
It was a potion of ambrosia.
You are confused.
You feel invigorated.
The white ugly thing burns!
The white ugly thing bites you.
* * * LOW HITPOINT WARNING * * *
The white ugly thing freezes you! You resist.
* * * LOW HITPOINT WARNING * * *
You feel sick.
The white ugly thing burns!
Unknown command.
Unknown command.
The white ugly thing burns!
The white ugly thing bites you but does no damage.
Unknown command.
Unknown command.
You feel sick.
The white ugly thing burns! x2
The white ugly thing bites you but does no damage.
The skeletal warrior hits you with a +0 battleaxe!!
You die...

.......#......................
.......#.............#.....###
###+#..#....#####.............
#..#....# #.#####.......
#.......# #.#...####....
#.......#####.#......#....
#.............#...##.#....
.'.............#...##.##'##
...#........@....#..........#
####........uz...#...########
...#####.....###...########
.#. #.###.+............. .
#.....##########.... #...###
#....#.... #.#.# #..#.'....
####'###...#######....#+#..
....?..†................#..


You could see a white ugly thing (burning) and a skeletal warrior.

Vanquished Creatures
  A hydra (D:11)
  3 two-headed ogres
  A queen ant (D:11)
  4 skeletal warriors (D:12)
  Pikel (D:8)
  An orc knight (Bailey)
  5 wizards (D:10)
  An ugly thing (D:12)
  A deep elf mage (D:12)
  A komodo dragon (D:12)
  A tengu conjurer (D:12)
  A hornet (D:12)
  A troll (D:9)
  Prince Ribbit (D:8)
  A slime creature (D:12)
  A hippogriff (D:9)
  Sigmund (D:5)
  5 yaks
  A wraith (D:12)
  4 wargs (D:12)
  6 soldier ants (D:11)
  An acid dragon (D:11)
  11 orc warriors
  2 sky beasts
  2 black bears (D:9)
  4 ice beasts
  5 ogres
  A necrophage (D:12)
  2 centaurs
  A crocodile (D:9)
  Blork the orc (D:5)
  A big kobold (D:8)
  6 bullfrogs
  A water moccasin zombie (D:5)
  2 wyvern zombies
  5 scorpions
  7 wights
  5 howler monkeys
  A bullfrog zombie (D:8)
  A crimson imp (D:12)
  A centaur zombie (D:10)
  2 quasits
  14 orc wizards
  3 bullfrog skeletons
  A gnoll shaman (D:6)
  13 orc priests
  9 hounds
  A jelly (D:6)
  Ijyb (D:3)
  2 iguanas
  21 worker ants
  2 hound zombies
  A howler monkey zombie (D:10)
  A worker ant zombie (D:11)
  9 gnolls
  12 adders
  4 shadow imps
  2 oozes
  4 adder skeletons
  5 worms
  4 dart slugs
  5 leopard geckos
  94 orcs
  11 bats
  4 giant cockroaches
  9 hobgoblins
  21 jackals
  2 quokkas
  2 frilled lizards
  9 goblins
  2 jackal skeletons (D:5)
  21 kobolds
  11 rats
  A spectral orc (D:2)
405 creatures vanquished.

Vanquished Creatures (collateral kills)
  A worker ant (D:11)
1 creature vanquished.

Vanquished Creatures (others)
  3 orcs
  2 kobolds (Bailey)
  4 withered plants
9 creatures vanquished.

Grand Total: 415 creatures vanquished

Notes
Turn   | Place    | Note
-------+----------+-------------------------------------------
     0 | D:1      | Dfrag the Naga Fire Elementalist began the quest for the
                  | Orb.
     0 | D:1      | Reached XP level 1. HP: 15/15 MP: 3/3
   229 | D:1      | Reached XP level 2. HP: 22/22 MP: 1/5
   501 | D:1      | Reached XP level 3. HP: 19/28 MP: 1/6
   942 | D:1      | Reached XP level 4. HP: 25/36 MP: 1/8
   947 | D:1      | Learned a level 3 spell: Conjure Flame
   952 | D:1      | Learned a level 4 spell: Sticky Flame
  1450 | D:2      | Reached XP level 5. HP: 42/42 MP: 3/9
  1576 | D:2      | Found a sacrificial altar of Ru.
  1938 | D:2      | Found a basalt altar of Yredelemnul.
  1961 | D:3      | Noticed Ijyb
  1964 | D:3      | Killed Ijyb
  2184 | D:3      | Reached XP level 6. HP: 38/49 MP: 5/11
  2272 | D:3      | Found a runed door.
  2560 | D:3      | Noticed Angani's ghost (amateur DrAr)
  2772 | D:3      | Found a white marble altar of Elyvilon.
  2775 | D:3      | Found a deep blue altar of Sif Muna.
  2777 | D:3      | Found a blossoming altar of Fedhas.
  3025 | D:4      | Found Ecaegoysm's Weapon Boutique.
  3128 | D:4      | Found a glowing golden altar of the Shining One.
  3167 | D:4      | Reached skill level 5 in Fire Magic
  3167 | D:4      | Reached XP level 7. HP: 55/55 MP: 8/13
  3633 | D:5      | Entered Level 5 of the Dungeon
  3676 | D:5      | Found a runed door.
  3676 | D:5      | Noticed EazyBreezy's ghost (novice DsAK)
  3934 | D:5      | Found a shattered altar of Ashenzari.
  3955 | D:5      | Reached skill level 5 in Conjurations
  3955 | D:5      | Reached XP level 8. HP: 62/62 MP: 12/15
  4064 | D:5      | Reached skill level 5 in Spellcasting
  4085 | D:5      | Noticed Blork the orc
  4093 | D:5      | Killed Blork the orc
  4247 | D:5      | Noticed Sigmund
  4264 | D:5      | Killed Sigmund
  4349 | D:5      | Found an ornate altar of the Wu Jian Council.
  4354 | D:5      | Found a snail-covered altar of Cheibriados.
  4442 | D:6      | Found a shimmering altar of Xom.
  4599 | D:6      | Found a shimmering altar of Xom.
  4599 | D:6      | Found a shimmering altar of Xom.
  4599 | D:6      | Found a shimmering altar of Xom.
  4612 | D:6      | Reached XP level 9. HP: 68/68 MP: 6/18
  5001 | D:6      | Found Qexkeviu's Antique Weapon Shoppe.
  5122 | D:6      | Found a runed door.
  5122 | D:6      | Noticed Elysium's ghost (novice MfSk)
  5140 | D:6      | Learned a level 5 spell: Fireball
  5356 | D:7      | Noticed Joseph
  5516 | D:7      | Found Asiulang's Gadget Shop.
  5567 | D:7      | Noticed Harold
  5613 | D:7      | Found a staircase to the Ecumenical Temple.
  5631 | Temple   | Entered the Ecumenical Temple
  5638 | Temple   | Became a worshipper of Makhleb the Destroyer
  5744 | D:8      | Found an ancient bone altar of Kikubaaqudgha.
  5755 | D:8      | Found Qicixumn's General Store.
  5910 | D:8      | Reached * piety under Makhleb
  5994 | D:8      | Noticed Prince Ribbit
  5998 | D:8      | Killed Prince Ribbit
  5998 | D:8      | Reached XP level 10. HP: 38/75 MP: 5/21
  6122 | D:8      | Noticed Pikel
  6129 | D:8      | Killed Pikel
  6339 | D:7      | Found a stormy altar of Qazlal.
  6496 | D:9      | Found Opaxzuziop's Book Emporium.
  6678 | D:9      | Found a roughly hewn altar of Beogh.
  6708 | D:9      | Reached ** piety under Makhleb
  7245 | D:9      | Noticed a two-headed ogre
  7268 | D:9      | Killed a two-headed ogre
  7370 | D:9      | Found a staircase to the Lair.
  7599 | D:9      | Gained mutation: You are frail. (-10% HP) [potion of
                  | mutation]
  7599 | D:9      | Gained mutation: You are agile. (Dex +2) [potion of
                  | mutation]
  7600 | D:9      | Lost mutation: You are frail. (-10% HP) [potion of
                  | mutation]
  7600 | D:9      | Gained mutation: Your tail ends in a poisonous barb.
                  | [potion of mutation]
  7600 | D:9      | Gained mutation: Your mind is acute. (Int +2) [potion of
                  | mutation]
  7600 | D:9      | Gained mutation: Your mind is very acute. (Int +4) [potion
                  | of mutation]
  7610 | D:10     | Entered Level 10 of the Dungeon
  7753 | D:10     | Reached *** piety under Makhleb
  7850 | D:10     | Noticed a wizard
  7855 | D:10     | Killed a wizard
  7855 | D:10     | Reached skill level 10 in Fire Magic
  7855 | D:10     | Reached XP level 11. HP: 81/81 MP: 12/24
  7856 | D:10     | Noticed a wizard
  7863 | D:10     | Killed a wizard
  7864 | D:10     | Noticed a wizard
  7972 | D:10     | Noticed a wizard
  7975 | D:10     | Killed a wizard
  8014 | D:10     | Killed a wizard
  8014 | D:10     | Reached skill level 10 in Conjurations
  8129 | D:10     | Found the +3 warlock's mirror {reflect}
  8173 | D:10     | Noticed a wizard
  8176 | D:10     | Killed a wizard
  8832 | D:11     | Noticed LizzardofHazz's ghost (novice MiFi)
  8864 | D:11     | Reached skill level 1 in Shields
  8956 | D:11     | Found a runed gate.
  8956 | D:11     | Identified the +0 chain mail of the Wumpus {rF+}
  8957 | D:11     | Found a runed gate.
  8958 | D:11     | Found a runed gate.
  9005 | D:11     | Found a flagged portal.
  9021 | Bailey   | Entered a bailey
  9133 | Bailey   | Noticed an orc knight
  9134 | Bailey   | Identified the cursed +1 halberd "Ottegg" {chop, rPois rF+}
  9148 | Bailey   | Killed an orc knight
  9156 | Bailey   | Reached **** piety under Makhleb
  9353 | Bailey   | Found a burning altar of Makhleb.
  9567 | D:11     | Noticed a two-headed ogre
  9573 | D:11     | Noticed a four-headed hydra
  9576 | D:11     | Killed a two-headed ogre
  9586 | D:11     | Killed a four-headed hydra
  9586 | D:11     | Reached skill level 10 in Spellcasting
  9787 | D:11     | Noticed a queen ant
  9823 | D:11     | Reached XP level 12. HP: 88/88 MP: 9/26
  9945 | D:11     | Killed a queen ant
 10248 | D:11     | Found a roughly hewn altar of Beogh.
 10297 | D:12     | Noticed a two-headed ogre
 10300 | D:12     | Killed a two-headed ogre
 10584 | D:12     | Reached ***** piety under Makhleb
 10891 | D:12     | HP: 2/88 [skeletal warrior/+0 halberd[a skeletal warrior]
                  | (20)]
 11181 | D:12     | Found a staircase to the Orcish Mines.
 11198 | Orc:1    | Entered Level 1 of the Orcish Mines
 11267 | D:12     | Reached skill level 5 in Stealth
 11517 | D:12     | Got an ichor-stained buckler
 11588 | D:12     | HP: 3/88 [white ugly thing (9)]
 11591 | D:12     | Mangled by a skeletal warrior

Vault maps used:
D:1:      nzn_arrival_depleted_hourglass
D:2:      lemuel_coloured_pillars_altar, yredelemnul_forgotten_temple_becter,
          serial_forest, infiniplex_forest_lined_room_,
          infiniplex_forest_diagonal, infiniplex_forest_zigzag_2,
          infiniplex_forest_zigzag_1, infiniplex_forest_clump_double,
          infiniplex_forest_lined_ring, infiniplex_forest_clump_medium,
          infiniplex_forest_clump_small, minivault_14, grunt_ministairs_3
D:3:      minitemple, ebering_ghost_sewer_d, uniq_ijyb
D:4:      tso_metal_star, serial_shops, shop, minmay_liquid_box
D:5:      chequers_temple_overflow_statue_of_worship, gammafunk_ghost_grave,
          first_ration, cheibrodos_ashenzari_chains, uniq_sigmund,
          uniq_blork_the_orc
D:6:      xom_redecorated, serial_shops, nicolae_shop_crystal,
          gammafunk_ghost_grave
D:7:      nicolae_overflow_hidden_temple, nicolae_overflow_crystal_walls,
          lemuel_round_altar, minmay_temple_entry_junction, basic_altar,
          serial_shops, shop_statue, grunt_ogre_cave, uniq_joseph, uniq_harold
D:8:      kennysheep_mini_moat, serial_shops, shop, uniq_pikel,
          uniq_prince_ribbit1
D:9:      grunt_lair_entry_orc_guard_hut, serial_shops, shop, special_room,
          nicolae_two_hexagons, minmay_orc_keep
D:10:     minmay_smoke_and_mirrors
D:11:     portal_ice_cave_entry_pillars_2, enter_bailey_7,
          biasface_ghost_orc_armoury, minmay_crystal_water,
          minmay_another_anthill
D:12:     minmay_orc_entry_guard_dogs, serial_shops, nicolae_shop_statue_plus,
          minmay_nine_imps
Temple:   compressed_dpeg_triangle_lava_temple
Bailey:   bailey_axe_3, bailey

Skill      XL: |  1  2  3  4  5  6  7  8  9 10 11 12 |
---------------+-------------------------------------+-----
Conjurations   | 2 3 4 5 6 8 9 10 11 | 11.5
Spellcasting   | 3 4 6 7 9 10 | 10.8
Fire Magic     | 4 5 7 8 10 11 | 11.8
Shields        | 2 3 |  3.1
Stealth        | 5 |  5.5
Dodging        | |  1.5

Action                   |  1- 3 |  4- 6 |  7- 9 | 10-12 || total
-------------------------+-------+-------+-------+-------++-------
Melee: Unarmed           |    31 |     6 |       |       ||    37
       War axe           |       |    38 |   129 |    54 ||   221
       Flail             |       |       |       |   206 ||   206
       Tailslap          |       |       |       |    15 ||    15
 Cast: Flame Tongue      |    26 |    97 |    54 |    90 ||   267
       Conjure Flame     |       |     1 |     1 |       ||     2
       Sticky Flame      |       |     4 |    48 |   107 ||   159
       Fireball          |       |       |     3 |    44 ||    47
 Abil: Spit Poison       |    20 |    39 |    15 |    24 ||    98
Evoke: Wand              |       |       |     3 |    13 ||    16
  Use: Scroll            |       |     4 |     1 |    12 ||    17
       Potion            |       |       |     2 |     4 ||     6
 Stab: Sleeping          |       |       |     3 |       ||     3
  Eat: Chunk             |     1 |     9 |    17 |    29 ||    56
Armor: Robe              |    20 |    35 |   123 |   264 ||   442
       Skin              |       |       |    33 |       ||    33
Dodge: Dodged            |    39 |    72 |   147 |   249 ||   507
Block: Buckler           |       |       |       |   135 ||   135
       Reflection        |       |       |       |    13 ||    13

Table legend:
 A = Non-vault XP
 B = Vault XP
 C = Vault XP percentage of total XP
 D = Non-vault monster count
 E = Vault monster count
 F = Vault count percentage of total count
                 A         B        C        D         E       F
            +---------+---------+-------+---------+---------+-------
      Total |   18066 |    9508 |  34.5 |     313 |      96 |  23.5
            +---------+---------+-------+---------+---------+-------
        D:1 |      91 |       0 |   0.0 |      28 |       0 |   0.0
        D:2 |     119 |       4 |   3.3 |      27 |       3 |  10.0
        D:3 |     280 |      36 |  11.4 |      36 |       1 |   2.7
        D:4 |     275 |       0 |   0.0 |      17 |       0 |   0.0
        D:5 |     639 |     337 |  34.5 |      19 |       2 |   9.5
        D:6 |    1376 |       0 |   0.0 |      36 |       0 |   0.0
        D:7 |     378 |       0 |   0.0 |       8 |       0 |   0.0
        D:8 |     875 |     903 |  50.8 |      28 |       2 |   6.7
        D:9 |    1991 |    1160 |  36.8 |      29 |      39 |  57.4
       D:10 |    1123 |    3330 |  74.8 |      18 |       5 |  21.7
       D:11 |    3936 |    2208 |  35.9 |      41 |      24 |  36.9
       D:12 |    6983 |     643 |   8.4 |      26 |       4 |  13.3
     Bailey |       0 |     887 | 100.0 |       0 |      16 | 100.0
            +---------+---------+-------+---------+---------+-------
